 Seeded DCSS version 0.30.1-4-g462c640d31 (webtiles) character file.

Game seed: 5 (custom seed)

726 Kazon the Chopper (level 7, -3/45 HPs)
             Began as an Octopode Transmuter on Aug 31, 2023.
             Was a Follower of Okawaru.
             Slain by an ogre
             ... wielding a +0 giant spiked club
              (15 damage)
             ... on level 5 of the Dungeon.
             The game lasted 00:16:31 (2919 turns).

Kazon the Chopper (Octopode Transmuter)             Turns: 2919, Time: 00:16:32

Health: -3/45      AC:  1    Str: 12    XL:     7   Next: 72%
Magic:  0/19       EV: 14    Int: 15    God:    Okawaru [*.....]
Gold:   203        SH:  0    Dex: 18    Spells: 4/10 levels left

rFire   . . .        b - +2 battleaxe (elec)
rCold   . . .        (shield currently unavailable)
rNeg    . . .        (helmet currently unavailable)
rPois   .            A - amulet of guardian spirit
rElec   .            p - ring of magical power
rCorr   .            v - +6 ring of dexterity
SInv    .            (no ring)
Will    .....        (no ring)
Stlth   +++          (no ring)
HPRegen 0.27/turn    (no ring)
MPRegen 0.16/turn    (no ring)
                     (no ring)

%: guardian spirit
@: appendages (expiring), wereblooded
A: tentacle spike 3, almost no armour, amphibious, 8 rings, camouflage 1,
gelatinous body 1, (nimble swimmer 1), tentacles
a: End Transformation, Renounce Religion, Heroism


You were on level 5 of the Dungeon.
You worshipped Okawaru.
Okawaru was aware of your devotion.
One of your tentacles had grown a beastly spike.
You visited 2 branches of the dungeon, and saw 6 of its levels.

You collected 203 gold pieces.

Inventory:

Hand Weapons
 b - a +2 battleaxe of electrocution (weapon)
 f - a +0 hand axe of flaming
 o - a +2 vampiric dagger
Missiles
 g - 3 boomerangs
 t - 5 poisoned darts
 y - a stone (quivered)
Armour
 c - a +0 tower shield
Jewellery
 p - a ring of magical power (left tentacle)
 v - a +6 ring of dexterity (right tentacle)
 A - an amulet of guardian spirit (around mantle)
Wands
 x - a wand of paralysis (8)
Scrolls
 d - a scroll of fog {unknown}
 i - a scroll of teleportation
 j - a scroll of blinking {unknown}
 k - 2 scrolls of identify {unknown}
 l - a scroll of summoning {unknown}
 n - 2 scrolls of magic mapping {unknown}
 u - a scroll of torment {unknown}
 z - a scroll of amnesia {unknown}
Potions
 a - 2 potions of lignification
 e - a potion of resistance {unknown}
 h - 3 potions of curing {unknown}
 m - a potion of magic {unknown}
 q - 3 potions of flight {unknown}
 r - a potion of berserk rage {unknown}
 s - 2 potions of invisibility {unknown}
 w - 2 potions of heal wounds {unknown}
 B - a potion of attraction {unknown}


   Skills:
 * Level 2.5 Fighting
 * Level 1.4 Short Blades
 + Level 3.7 Axes
 * Level 2.1 Throwing
 * Level 3.2 Dodging
 + Level 2.4 Stealth
 * Level 2.3 Shields
 + Level 3.6 Unarmed Combat
 + Level 2.3 Spellcasting
 + Level 2.3 Transmutations
 * Level 2.2 Invocations
 * Level 1.4 Evocations


You had 4 spell levels left.
You knew the following spells:

 Your Spells              Type           Power      Damage    Failure   Level
a - Beastly Appendage     Tmut           16%        N/A       9%          1
b - Wereblood             Tmut           8%         N/A       12%         2
c - Spider Form           Tmut/Pois      5%         N/A       36%         3

Your spell library contained the following spells:

 Spells                   Type           Power      Damage    Failure   Level
 Frozen Ramparts          Ice            2%         1d1       54%         3
 Ice Form                 Ice/Tmut       5%         N/A       78%         4
 Summon Ice Beast         Ice/Summ       Unusable   N/A       N/A         4

Dungeon Overview and Level Annotations

Branches:
Dungeon (5/15)             Temple (1/1) D:4

Altars:
Dithmenos
Fedhas
Gozag
Hepliaklqana
Okawaru
Qazlal
Trog
Uskayaw
Wu Jian
The Shining One


Innate Abilities, Weirdness & Mutations

One of your tentacles has grown a beastly spike.
You cannot wear most types of armour.
You are amphibious.
You can wear up to eight rings at the same time.
Your skin changes colour to match your surroundings (Stealth+).
Your rubbery body absorbs attacks. (AC +1, EV +1)
((You are camouflaged when in or above water. (Stealth+)))
You have tentacles for arms and can constrict up to eight enemies at once.


Message History

A gnoll comes into view. It is wielding a +0 spear.
Throw: 2 stones
Press: ? - help, Q - select action, (/) - cycle Shift-Dir - straight line, f - gnoll
Aim: a gnoll, wielding a +0 spear (asleep, 98% to hit)
You throw a stone. The stone hits the gnoll.
The gnoll shouts!
The gnoll is moderately wounded.
A gnoll comes into view. It is wielding a +0 flail.
An ogre comes into view. It is wielding a +0 giant spiked club.
Casting: Beastly Appendage (safe; 9% risk of failure)
Confirm with . or Enter, or press ? or * to list all spells.
One of your tentacles grows a vicious spike.
The gnoll shouts!
The ogre shouts!
A gnoll comes into view. It is wielding a +0 spear.
Casting: Beastly Appendage (safe; 9% risk of failure)
Confirm with . or Enter, or press ? or * to list all spells.
Your blood is infused with primal strength.
The gnoll shouts!
A gnoll comes into view. It is wielding a +0 whip.
The gnoll hits you from afar with a +0 spear.
The gnoll hits you from afar with a +0 spear.
The gnoll misses you.
The ogre hits you with a +0 giant spiked club!!
You closely miss the ogre.
You pierce the ogre.
The ogre is lightly wounded.
You closely miss the gnoll. You hit the gnoll.
The gnoll hits you from afar with a +0 spear!
The gnoll misses you. The gnoll closely misses you. The ogre misses you.
You slash the gnoll! Lightning courses through the gnoll!!
You feel a bit better.
You kill the gnoll!
Okawaru accepts your kill.
You barely miss the ogre. You barely miss the gnoll.
Your transformation is almost over.
The gnoll hits you from afar with a +0 spear!
The gnoll barely misses you. The gnoll hits you with a +0 flail!
* * * LOW HITPOINT WARNING * * *
The gnoll barely misses you.
The ogre hits you with a +0 giant spiked club!!
You die...

#..........#
#..........#
#..........#
#..........#
#.....g....# ...#
#....g.....# ......##
#....g.....# ##......#
#...O@# .#......+
#...).# .#......#
#.....# ##......
#.....######
.....#+######+##......#
.....#....... #......#
.....'....... #......#
.....######.. #......#
.....#...# #......#


You could see an ogre and 3 gnolls.

Vanquished Creatures
  Sigmund (D:4)
  2 black bears (D:4)
  A scorpion (D:4)
  2 hounds (D:5)
  A jelly (D:5)
  3 iguanas
  A gnoll (D:5)
  7 adders
  An ufetubus (D:4)
  3 worms
  6 orcs
  4 bats
  9 endoplasms
  A giant cockroach (D:1)
  11 goblins
  7 hobgoblins
  11 jackals
  3 kobolds
  3 quokkas (D:4)
  6 ball pythons
  3 frilled lizards
  4 rats
90 creatures vanquished.

Notes
Turn   | Place    | Note
-------+----------+-------------------------------------------
     0 | D:1      | Kazon the Octopode Transmuter began the quest for the Orb.
     0 | D:1      | Reached XP level 1. HP: 13/13 MP: 3/3
    41 | D:1      | Identified a scroll of acquirement
    41 | D:1      | Acquired a +2 battleaxe of electrocution
    54 | D:1      | Reached XP level 2. HP: 13/18 MP: 5/5
   337 | D:1      | Reached XP level 3. HP: 23/23 MP: 4/6
   831 | D:2      | Reached skill level 1 in Axes
   848 | D:2      | Learned a level 2 spell: Wereblood
   915 | D:2      | Reached XP level 4. HP: 17/28 MP: 7/7
   970 | D:2      | Reached skill level 1 in Stealth
  1507 | D:3      | Found a blossoming altar of Fedhas.
  1566 | D:3      | Reached XP level 5. HP: 33/33 MP: 8/8
  1733 | D:3      | Identified the +2 sling "Qeuhanocyt" {speed, rElec Str-3
                  | Dex+2}
  1752 | D:3      | Found a faded altar of an unknown god.
  1787 | D:3      | Found a stormy altar of Qazlal.
  1982 | D:4      | Found a staircase to the Ecumenical Temple.
  1990 | Temple   | Entered the Ecumenical Temple
  2003 | Temple   | Became a worshipper of Warmaster Okawaru
  2008 | Temple   | Learned a level 3 spell: Spider Form
  2057 | D:4      | Reached skill level 1 in Throwing
  2287 | D:4      | Noticed a black bear
  2296 | D:4      | Killed a black bear
  2297 | D:4      | Reached XP level 6. HP: 31/39 MP: 9/9
  2301 | D:4      | Reached skill level 1 in Invocations
  2306 | D:4      | Found a hazy altar of Hepliaklqana.
  2307 | D:4      | Found a shadowy altar of Dithmenos.
  2307 | D:4      | Noticed a shadow
  2349 | D:4      | Noticed Sigmund
  2356 | D:4      | Killed Sigmund
  2356 | D:4      | Reached * piety under Okawaru
  2357 | D:4      | Reached skill level 1 in Short Blades
  2357 | D:4      | Reached skill level 1 in Shields
  2357 | D:4      | Reached XP level 7. HP: 38/45 MP: 10/10
  2659 | D:4      | Reached skill level 1 in Evocations
  2750 | D:5      | Entered Level 5 of the Dungeon
  2919 | D:5      | Slain by an ogre

Illustrated notes

Levels and vault maps discovered:
D:1:      ebering_trefoil_3fold, layout_basic, st_stairs_14, serial_bayou_ford_a
D:2:      layout_basic, hangedman_decor_growths, minmay_close_crescents
D:3:      layout_rooms, mainiacjoe_overflow_concentric_impassable,
          mainiacjoe_overflow_paths, shapermc_ecumenical_altar_acropolis,
          chequers_serial_rivers_micro_b
D:4:      layout_basic, riverfiend_overflow_shadow_ancestor,
          minmay_temple_entry_glass, uniq_sigmund
D:5:      layout_gridville
Temple:   nicolae_temple_elliptical

Skill      XL: |  1  2  3  4  5  6  7 |
---------------+----------------------+-----
Axes           | 1 2 3 |  3.7
Stealth        | 1 2 |  2.4
Throwing       | 1 2 |  2.1
Fighting       | 2 |  2.5
Invocations    | 1 2 |  2.2
Short Blades   | 1 |  1.4
Dodging        | 3 |  3.2
Shields        | 1 2 |  2.3
Evocations     | 1 |  1.4
Unarmed Combat | |  3.6
Spellcasting   | |  2.3
Transmutations | |  2.3

Action                     |  1- 3 |  4- 6 |  7- 9 || total
---------------------------+-------+-------+-------++-------
  Melee: Unarmed           |     7 |       |       ||     7
         Tentacles         |     7 |     9 |     6 ||    22
         Constrict         |    15 |    15 |     6 ||    36
         Kick              |     4 |     3 |     3 ||    10
         Battleaxe         |    50 |    69 |    28 ||   147
         Punch             |     5 |     2 |     1 ||     8
  Throw: Stone             |       |     9 |    12 ||    21
   Cast: Beastly Appendage |     3 |     5 |     4 ||    12
         Wereblood         |       |     1 |     1 ||     2
    Use: Scroll            |     2 |       |     1 ||     3
   Stab: Sleeping          |     6 |     9 |     2 ||    17
         Distracted        |       |     1 |       ||     1
 Armour: Skin              |     3 |     7 |     1 ||    11
  Dodge: Dodged            |    40 |    43 |    26 ||   109
